Map: Paladino Terminal LE

Players

Loken

  • Race: Protoss Protoss
  • League: Platinum
  • Spawn Location: 5:00

DrAmazing - Winner!

  • Race: Terran Terran
  • Spawn Location: 9:00

VOD

Have the link to the VOD?

Description

Time

  • Played on: March 29, 2017, 6:23 p.m.
  • Length: 12:54
Show
View Real Time Build Order
Export as new Build Order

Loken Protoss 

Build Orders:  

Get SALT Encoding   

  12  0:01  Probe (Chrono Boost)  
  13  0:12  Probe (Chrono Boost)  
  14  0:19  Pylon  
  14  0:24  Probe (Chrono Boost)  
  15  0:38  Probe (Chrono Boost)  
  16  0:43  Gateway  
  16  0:48  Probe (Chrono Boost)  
  17  1:05  Probe (Chrono Boost)  
  17  1:10  Assimilator  
  18  1:15  Pylon  
  18  1:16  Probe (Chrono Boost)  
  19  1:26  Probe (Chrono Boost)  
  20  1:35  Cybernetics Core  
  20  1:40  Probe (Chrono Boost)  
  20  1:43  Assimilator  
  21  1:56  Gateway  
  21  2:00  Pylon  
  21  2:11  Probe (Chrono Boost)  
  22  2:22  Mothership Core (Chrono Boost), Stalker  
  26  2:41  Probe (Chrono Boost)  
  26  2:43  Warp Gate  
  26  2:48  Stalker x2  
  28  2:53  Probe (Chrono Boost)  
  32  3:05  Probe (Chrono Boost)  
  32  3:17  Twilight Council  
  32  3:19  Pylon  
  32  3:23  Probe (Chrono Boost)  
  32  3:26  Stalker  
  33  3:28  Stalker  
  37  3:37  Probe (Chrono Boost)  
  39  3:49  Probe (Chrono Boost)  
  39  3:54  Nexus  
  39  4:05  Dark Shrine  
  39  4:15  Zealot x2  
  43  4:43  Probe (Chrono Boost)  
  43  4:44  Pylon  
  44  4:55  Gateway, Probe (Chrono Boost)  
  44  4:56  Gateway  
  45  5:24  Dark Templar  
  45  5:25  Dark Templar  
  49  5:35  Probe (Chrono Boost)  
  51  5:36  Probe (Chrono Boost)  
  51  5:45  Probe (Chrono Boost)  
  51  5:48  Stargate, Probe (Chrono Boost)  
  53  5:50  Stargate  
  53  5:56  Probe (Chrono Boost)  
  50  6:00  Zealot x4, Probe (Chrono Boost)  
  59  6:10  Probe (Chrono Boost)  
  61  6:11  Probe (Chrono Boost)  
  61  6:15  Assimilator  
  61  6:19  Assimilator  
  61  6:20  Probe (Chrono Boost)  
  61  6:23  Stalker x2  
  61  6:25  Sentry  
  68  6:28  Stalker  
  44  7:09  Dark Templar x2  
  44  7:11  Zealot x2  
  44  7:15  Probe (Chrono Boost)  
  53  7:26  Probe (Chrono Boost)  
  54  7:36  Probe (Chrono Boost)  
  55  7:39  Forge  
  55  7:40  Nexus  
  55  7:41  Pylon  
  55  7:42  Forge  
  55  7:45  Pylon  
  55  7:47  Probe (Chrono Boost)  
  56  7:57  Probe (Chrono Boost)  
  57  8:02  Charge  
  55  8:15  Stalker  
  55  8:16  Stalker x3  
  61  8:30  Oracle x2  
  61  8:33  Probe (Chrono Boost)  
  61  8:34  Probe (Chrono Boost)  
  69  8:43  Probe (Chrono Boost)  
  69  8:44  Probe (Chrono Boost)  
  71  8:54  Probe (Chrono Boost)  
  72  8:58  Assimilator  
  72  9:03  Assimilator  
  72  9:04  Probe (Chrono Boost)  
  72  9:11  Stalker  
  72  9:12  Stalker x3  
  80  9:19  Oracle  
  80  9:20  Oracle  
  86  9:36  Protoss Shields Level 1  
  86  9:37  Protoss Ground Weapons Level 1  
  86  9:40  Zealot x3  
  92  9:46  Pylon  
  92  9:47  Pylon  
  92  9:48  Pylon  
  92  10:09  Zealot x3  
  92  10:10  Zealot  
  100  10:20  Pylon  
  100  10:22  Pylon  
  52  10:43  Dark Templar x3  
  52  10:44  Dark Templar  
  56  10:50  Void Ray x2  
  40  11:18  Zealot  
  40  11:19  Zealot x3  
  48  11:27  Void Ray x2  
  48  11:41  Stalker  
  48  11:42  Stalker x2  
Show
View Real Time Build Order
Export as new Build Order

DrAmazing Terran - Winner!

Build Orders: Reaper Expand, MMM Bio 

Get SALT Encoding   

  12  0:01  SCV  
  13  0:13  SCV  
  14  0:24  Supply Depot  
  14  0:25  SCV  
  15  0:45  SCV  
  15  0:47  Barracks  
  16  0:50  Refinery  
  16  0:57  SCV  
  17  1:09  SCV  
  18  1:21  SCV  
  19  1:33  Orbital Command  
  19  1:35  Reaper  
  20  1:46  Command Center  
  20  1:54  Supply Depot  
  20  1:59  SCV  
  21  2:10  Factory  
  21  2:15  SCV  
  22  2:18  Barracks Tech Lab  
  22  2:27  SCV  
  23  2:45  SCV  
  24  2:52  Command Center  
  24  2:57  SCV  
  25  2:59  Barracks Tech Lab  
  25  3:04  Cyclone  
  28  3:09  Refinery  
  28  3:10  SCV  
  29  3:15  Orbital Command  
  29  3:18  Marine  
  30  3:22  SCV  
  31  3:34  SCV  
  32  3:39  Marine  
  33  3:42  Siege Tank  
  33  3:43  SCV  
  33  3:46  SCV  
  38  3:48  Supply Depot  
  38  3:55  SCV  
  38  3:57  Marine  
  38  3:58  SCV  
  41  4:04  Barracks  
  41  4:08  SCV  
  41  4:13  Orbital Command  
  41  4:14  Marine  
  42  4:21  Bunker  
  42  4:26  SCV x2  
  42  4:27  Siege Tank  
  47  4:32  Marine  
  47  4:38  SCV, Barracks  
  49  4:39  SCV  
  49  4:41  SCV  
  51  4:50  SCV, Marine  
  53  4:55  SCV x2  
  53  4:58  Barracks Reactor  
  53  4:59  Stimpack  
  55  5:02  SCV  
  56  5:08  Marine  
  56  5:11  Siege Tank  
  60  5:16  SCV  
  60  5:21  SCV x2  
  60  5:23  Refinery  
  60  5:24  Refinery, Engineering Bay  
  60  5:25  Engineering Bay  
  60  5:26  Marine  
  60  5:27  Supply Depot  
  61  5:29  Barracks Reactor  
  61  5:31  SCV  
  61  5:34  Marine x2  
  64  5:44  SCV x2, Marine  
  64  5:46  SCV  
  66  5:52  Marine x2  
  67  5:59  Missile Turret  
  67  6:01  Marine  
  68  6:05  Marine x2  
  68  6:10  Marine x2  
  72  6:15  Siege Tank  
  75  6:19  Marine  
  75  6:22  Missile Turret  
  75  6:23  Missile Turret, Marine  
  75  6:25  Terran Infantry Armor Level 1, Terran Infantry Weapons Level 1  
  77  6:44  Supply Depot x2  
  77  6:46  Marine x5  
  83  7:00  Combat Shields  
  78  7:04  Marine x5  
  80  7:21  Marine x5  
  82  7:22  Barracks  
  82  7:23  Barracks  
  82  7:25  SCV, Barracks  
  82  7:26  SCV, Armory  
  82  7:27  Starport  
  84  7:36  Orbital Command  
  84  7:38  SCV  
  84  7:39  Marine x3  
  84  7:40  Marine  
  84  7:43  Marine  
  90  7:44  Bunker, Missile Turret, Supply Depot  
  90  7:45  Supply Depot  
  90  7:53  SCV x2  
  90  7:56  Supply Depot  
  90  7:57  Marine x3  
  95  8:01  Supply Depot  
  95  8:03  Marine  
  94  8:09  Missile Turret  
  91  8:17  SCV x3  
  91  8:18  Marine x2  
  91  8:19  Barracks Reactor  
  96  8:20  Barracks Tech Lab  
  96  8:22  Barracks Reactor  
  96  8:23  Starport Reactor  
  96  8:29  SCV x2  
  96  8:32  SCV  
  99  8:34  Sensor Tower  
  99  8:35  Marine  
  99  8:36  Marine  
  99  8:38  Refinery  
  99  8:39  Marine x2  
  99  8:40  Marine  
  99  8:41  SCV x2, Marine  
  107  8:49  SCV  
  107  8:53  Marine  
  107  8:54  Marine  
  107  8:55  Marine x2  
  108  8:56  Marine  
  108  8:57  Concussive Shells, Marine  
  108  8:59  Marauder  
  108  9:00  Marauder, Medivac x2  
  119  9:11  Marine x2  
  119  9:12  Marine  
  119  9:13  SCV  
  123  9:26  Marine x3  
  123  9:27  Marine  
  123  9:28  Marine  
  123  9:29  Marine  
  123  9:30  Medivac x2  
  133  9:33  Sensor Tower  
  133  9:34  Command Center  
  133  9:37  Missile Turret  
  133  9:40  Supply Depot  
  133  9:41  Marine x4  
  133  9:44  Marine x3  
  140  9:49  Marine x3  
  140  9:51  Terran Infantry Weapons Level 2  
  143  9:53  Terran Infantry Armor Level 2  
  143  9:59  Marine  
  144  10:08  Marine, Ghost Academy  
  144  10:09  SCV  
  144  10:10  Barracks  
  144  10:11  SCV  
  144  10:12  Refinery, Barracks  
  144  10:13  Marine  
  148  10:18  Marine x3  
  148  10:19  Marine x2  
  153  10:25  Supply Depot  
  143  10:38  Marine x3  
  132  10:55  Marine x4  
  139  10:57  Medivac  
  139  10:58  Medivac  
  139  11:00  SCV  
  139  11:03  Planetary Fortress  
  144  11:13  Ghost x2  
  144  11:14  Marine x2  
  144  11:15  Marine  
  144  11:16  Barracks Tech Lab  
  144  11:17  Barracks Tech Lab  
  145  11:19  Marine  
  146  11:27  Medivac  
  146  11:40  Marine  
  146  11:41  Marine x9  
  146  11:42  Ghost x2  
  149  11:58  Marine  
  149  11:59  Marine x7  
  157  12:02  Marine x2  
  157  12:03  SCV  
  157  12:08  Missile Turret  
  160  12:09  Missile Turret x4  
  160  12:10  Ghost  
  160  12:11  Marine  
  160  12:12  Missile Turret  
  160  12:13  Missile Turret  
  160  12:15  Missile Turret  
  163  12:16  Marine x2  
  163  12:17  Marine x6  
  163  12:20  Marine  
  172  12:23  Marine  
  172  12:26  Missile Turret  
Tags
 
Composition
MMM Bio
League
Platinum
Matchup
PvT
Spawn Locations
Cross Positions
Add a new tag
Caveats
  • Supply blocks, unpowered buildings, or Contaminate may cause inaccurate times.
  • Supply counts are checked every 10 seconds.